 Dungeon Sprint DCSS version 0.28-a0-239-g68911e0c57 (webtiles) character file.

Game seed: 9509199827866980494

25 MikeHunt the Chopper (level 2, -1/33 HPs)
             Began as a Demonspawn Gladiator on Aug 23, 2021.
             Was a Believer of Qazlal.
             Slain by an ice beast (13 damage)
             ... in the Dungeon (Sprint VII: "The Pits").
             The game lasted 00:00:42 (268 turns).

MikeHunt the Chopper (Demonspawn Gladiator)          Turns: 268, Time: 00:00:42

Health: -1/33      AC:  4    Str: 14    XL:     2   Next: 82%
Magic:  2/4        EV: 12    Int:  9    God:    Qazlal [**....]
Gold:   0          SH:  2    Dex: 14    Spells: 1/1 levels left

rFire   . . .      SeeInvis .   a - +0 war axe
rCold   . . .      Faith    .   (no shield)
rNeg    . . .      Spirit   .   b - +0 leather armour
rPois   .          Reflect  .   c - +0 helmet
rElec   .          Harm     .   (no cloak)
rCorr   .          Rampage  .   (no gloves)
Will    .....      NoTele   +   (no boots)
Stlth   ..........              (no amulet)
HPRegen 1.11/turn               (no ring)
MPRegen 0.09/turn               (no ring)

@: berserking, very quick
A: powered by death 1
a: Renounce Religion, Upheaval


You were in the Dungeon.
You worshipped Qazlal.
Qazlal was pleased with you.
You visited 1 branch

Inventory:

Hand Weapons
 a - a +0 war axe (weapon)
Missiles
 d - 3 throwing nets (quivered)
Armour
 b - a +0 leather armour (worn)
 c - a +0 helmet (worn)
Scrolls
 j - a scroll of blinking
Potions
 e - a potion of curing
 g - a potion of haste
 h - 4 potions of magic
 i - 2 potions of berserk rage
 k - 2 potions of invisibility


   Skills:
 - Level 2.0 Fighting
 + Level 5.4 Axes
 - Level 1.7 Throwing
 - Level 2.6 Dodging
 + Level 2.8 Invocations


You had one spell level left.
You didn't know any spells.
Your spell library was empty.

Dungeon Overview and Level Annotations

Branches:
Dungeon (1/1)

Altars:
Ashenzari
Cheibriados
Dithmenos
Elyvilon
Fedhas
Gozag
Hepliaklqana
Kikubaaqudgha
Makhleb
Nemelex Xobeh
Okawaru
Qazlal
Ru
Sif Muna
Trog
Uskayaw
Vehumet
Wu Jian
Xom
Yredelemnul
Zin
The Shining One
Beogh
Jiyva
Lugonu


Innate Abilities, Weirdness & Mutations

You regenerate a little health from kills.


Message History

You kill the goblin!
Qazlal accepts your kill.
Your Invocations skill increases to level 1!
Things that are here:
a +0 club; a goblin corpse You start resting.
HP restored.
You open the large door.
A kobold comes into view. It is wielding a +0 club.
The kobold shouts!
An adder comes into view.
The kobold throws a stone.
The stone hits you.
A ball python and an ice beast come into view.
The ball python hisses angrily.
The adder hisses angrily.
There is a large open door here.
You slash the adder!
You kill the adder!
Qazlal accepts your kill. The kobold hits you with a +0 club.
Your Invocations skill increases to level 2!
A red film seems to cover your vision as you go berserk!
You feel yourself moving faster!
You feel mighty! You block the ball python's attack.
The ball python barely misses you.
The ball python bites you but does no damage.
The ball python grabs you. The ball python constricts you.
The kobold hits you but does no damage.
You closely miss the ball python. You slash the kobold!
You kill the kobold!
Qazlal accepts your kill.
You can now call upon nature to destroy your foes.
You completely miss the ice beast. The ice beast hits you.
The ice beast freezes you!
You barely miss the ice beast. You closely miss the ball python.
The ball python bites you. The ball python constricts you.
The ice beast closely misses you.
You closely miss the ice beast. You slash the ball python!
You kill the ball python!
Qazlal accepts your kill. The ice beast hits you. The ice beast freezes you!
You die...

##########'##.........
#.?(.')))'.##......#..
##########.##.........
#..........)'.........
+#####)#####......#..
#..#...'.##.........
#..#...#.#####'#####
#.)#####.##.......#
#..@...#.##.......#
#.Y†..)'.##.......#
#..########...<...#
#.. #.......# #..
#.......# ###
#.......# #########


You could see an ice beast.

Vanquished Creatures
  A gnoll (D)
  An adder (D)
  A ball python (D)
  A giant cockroach (D)
  2 goblins (D)
  A kobold (D)
  A frilled lizard (D)
8 creatures vanquished.

Notes
Turn   | Place    | Note
-------+----------+-------------------------------------------
     0 | D        | MikeHunt the Demonspawn Gladiator began the quest for the
                  | Orb.
     0 | D        | Reached XP level 1. HP: 16/16 MP: 1/1
    13 | D        | Reached skill level 3 in Axes
    31 | D        | Found a bloodstained altar of Trog.
    31 | D        | Found a shimmering blue altar of Sif Muna.
    31 | D        | Found a viscous altar of Jiyva.
    31 | D        | Found a hazy altar of Hepliaklqana.
    31 | D        | Found an opulent altar of Gozag.
    32 | D        | Found a basalt altar of Yredelemnul.
    32 | D        | Found a shimmering altar of Xom.
    32 | D        | Found an ornate altar of the Wu Jian Council.
    32 | D        | Found a sacrificial altar of Ru.
    32 | D        | Found a stormy altar of Qazlal.
    32 | D        | Found an iron altar of Okawaru.
    32 | D        | Found a sparkling altar of Nemelex Xobeh.
    32 | D        | Found a burning altar of Makhleb.
    32 | D        | Found a blossoming altar of Fedhas.
    32 | D        | Found a shadowy altar of Dithmenos.
    32 | D        | Found a snail-covered altar of Cheibriados.
    33 | D        | Found a radiant altar of Vehumet.
    33 | D        | Found a corrupted altar of Lugonu.
    34 | D        | Found an ancient bone altar of Kikubaaqudgha.
    34 | D        | Found a hide-covered altar of Uskayaw.
    34 | D        | Found a broken altar of Ashenzari.
    37 | D        | Became a worshipper of Qazlal Stormbringer
    61 | D        | Reached skill level 5 in Axes
    61 | D        | Gained mutation: You regenerate a little health from kills.
                  | [demonic ancestry]
    61 | D        | Reached XP level 2. HP: 16/22 MP: 2/2
   146 | D        | Reached * piety under Qazlal
   147 | D        | Reached skill level 1 in Invocations
   263 | D        | Noticed an ice beast
   266 | D        | Reached ** piety under Qazlal
   268 | D        | Slain by an ice beast

Illustrated notes

Levels and vault maps discovered:
D:        pitsprint [storerooms_1, entrance_room_1, metal_vault_5, armoury_1,
          mini_pit_1, grid_room_1, main_hall_1, silver_pit, the_coven_1,
          the_vestibule_1, steel_vault_5, golden_pit, hallway_of_sentries,
          crystal_vault_5, iron_vault_2, final_vault]

Skill      XL: |  1  2 |
---------------+-------+-----
Axes           | 5 |  5.4
Invocations    | 2 |  2.8
Fighting       | |  2.0
Throwing       | |  1.7
Dodging        | |  2.6

Action                   || total
-------------------------++-------
Melee: War axe           ||    23
  Use: Potion            ||     2
Armor: Leather armour    ||     5
Dodge: Dodged            ||    22
Block: Other             ||     1

Table legend: (Time is in decaauts)
 A = Elapsed time spent in this place.
 B = Non-inter-level travel time spent in this place.
 C = Inter-level travel time spent in this place.
 D = Time resting spent in this place.
 E = Time spent auto-exploring this place.
 F = Levels seen in this place.
 G = Mean time per level.
                   A        B        C        D        E       F      G
               +--------+--------+--------+--------+--------+-----+--------+
         Total |    273 |    273 |      0 |    182 |      0 |   1 |  273.0 |
       Dungeon |    273 |    273 |      0 |    182 |      0 |   1 |  273.0 |
               +--------+--------+--------+--------+--------+-----+--------+

Top non-repeatable levels by time:
       D: 273 daAuts
